[Event "*** Titled Tuesday Blitz"]
[Site "Chess.com"]
[Date "2020.05.19"]
[Round "3"]
[White "Fandorine"]
[Black "manitodeplomo"]
[Result "1-0"]
[WhiteElo "2886"]
[BlackElo "2614"]
[TimeControl "180+1"]
[EndTime "12:29:33 PDT"]
[Termination "Fandorine won on time"]

1. e4 c5 2. Nf3 e6 3. g3 b6 4.
Bg2 Bb7 5. Nc3 a6 6. d4 cxd4 7. Nxd4 Ne7 8. O-O Nec6 9. Be3 Be7 10. f4 O-O 11. Kh1 b5 12. a3 d6 13. Nb3 Nd7 14.
Qe2 Nb6 15. Rad1 Qc7 16. Bc1 Rfe8 17. g4 Bf8 18. g5 b4 19. axb4 Nxb4 20. Rf3 Rac8 21.
Rh3 g6 22. Qf2 Bg7 23. Qh4 Nxc2 24. Qxh7+ Kf8 25. Nd2 Nd4 26. Nf1 Nb3 27. Ne3 Nxc1 28.
Rxc1 Qe7 29. Ng4 Red8 30. Nh6 Ke8 31. Qxg7 Kd7 32. Qxf7 Nc4 33. Qxe7+ Kxe7 34. Ng4 Rh8 35. Rxh8 Rxh8 36. b3 Nd2 37. Rd1 Nxb3 38. Rb1 Nc5 39.
Na4 Bc6 40. Nxc5 dxc5 41. Ne5 Rc8 42. Rb6 Bb5 43. Bh3 c4 44. Rxe6+ Kd8 45. Rd6+ Kc7 46. Rd4 Rb8 47. Nxc4 Kc6 48. Ne5+ Kc5 49. Rd5+ Kb4 50.
Kg2 a5 51. Bd7 1-0

[Event "*** Titled Tuesday Blitz"]
[Site "Chess.com"]
[Date "2020.05.19"]
[Round "3"]
[White "Twitch_ElhamBlitz05"]
[Black "Baronessa08"]
[Result "1-0"]
[WhiteElo "2753"]
[BlackElo "2447"]
[TimeControl "180+1"]
[EndTime "12:29:33 PDT"]
[Termination "Twitch_ElhamBlitz05 won on time"]

1. e4 c5 2. Nf3 Nc6 3. d4 cxd4 4. Nxd4 e5 5. Nb5 d6 6. c4 Be7 7. N1c3 a6 8. Na3 f5 9. Be2 Nf6 10. f3 O-O 11. O-O fxe4 12. fxe4 Be6 13. Nc2 Rc8 14. Be3 Qd7 15. Nd5 Bd8 16. Bf3 Na5 17. b3 b5 18. cxb5 Bxd5 19. exd5 axb5 20. Nb4 e4 21.
Be2 Qb7 22. Qd2 Bb6 23. h3 Bxe3+ 24. Qxe3 Qd7 25. Qb6 Qd8 26. Qxd8 Rfxd8 27. Bxb5 Rc5 28.
Bc6 Rc8 29. Rac1 Kf8 30. g4 Ke7 31. g5 Nh5 32. Rxc5 dxc5 33. Nc2 Nxc6 34. dxc6 Rxc6 35. Ne3 g6 36. Rc1 Nf4 37. Kh2 Nd3 38. Rc4 Re6 39.
a4 Kd7 40. a5 Kc6 41. a6 Kb6 42. Ra4 Ka7 43. Kg3 Rxa6 44. Rxe4 Ra3 45. Re7+ Ka8 46. Re8+ Ka7 47. Re7+ Ka8 48. Nd5 Rxb3 49. Kg4 1-0

[Event "*** Titled Tuesday Blitz"]
[Site "Chess.com"]
[Date "2020.05.19"]
[Round "3"]
[White "agrigo3"]
[Black "bait_or_mate"]
[Result "0-1"]
[WhiteElo "2280"]
[BlackElo "2453"]
[TimeControl "180+1"]
[EndTime "12:29:34 PDT"]
[Termination "bait_or_mate won on time"]

1. Nf3 d5 2. g3 c6 3. Bg2 Bg4 4. O-O Nd7 5. d3 Ngf6 6. Nbd2 e5 7. e4 Bd6 8. Re1 O-O 9. h3 Bh5 10. g4 Bg6 11. Nh4 Re8 12. Nf5 Bf8 13. Qf3 Nc5 14. Nf1 dxe4 15. dxe4 Ne6 16. N1g3 Qc7 17. g5 Nd7 18. h4 Bxf5 19. exf5 Nd4 20. Qd1 Rad8 21. c3 Nb5 22. Qg4 Nc5 23. Be3 Nd3 24. Re2 c5 25. f6 g6 26. h5 Nd4 27. Rd2 Ne6 28. hxg6 hxg6 29. Qe4 Ndf4 30. Rxd8 Rxd8 31. Qxb7 Qxb7 32.
Bxb7 Nxg5 33. Ne4 Nxe4 34. Bxe4 a5 35. Kf1 c4 36. Ke1 Rd6 37. Rd1 Rxf6 38. Rd8 Kg7 39. Kd1 Ne6 40. Rd2 Bc5 41. Bd5 Bxe3 42. fxe3 Nc5 43.
Bxc4 g5 44. Be2 Ne4 45. Rd5 Re6 46. Rxa5 f5 47. b4 g4 48. Kc2 g3 49. Bf3 Ng5 50. Bd5 Rd6 0-1

[Event "*** Titled Tuesday Blitz"]
[Site "Chess.com"]
[Date "2020.05.19"]
[Round "3"]
[White "ChessWarrior7197"]
[Black "zubridis"]
[Result "1-0"]
[WhiteElo "2920"]
[BlackElo "2460"]
[TimeControl "180+1"]
[EndTime "12:29:35 PDT"]
[Termination "ChessWarrior7197 won on time"]

1. e4 d6 2. d4 Nf6 3. Nc3 g6 4. h4 c5 5. Nge2 cxd4 6. Nxd4 Nc6 7. f3 Bg7 8. Be3 d5 9. exd5 Nxd5 10. Nxc6 bxc6 11. Bd4 Nxc3 12. bxc3 O-O 13. Bc4 e5 14. Bc5 e4 15. Bxf8 Bxc3+ 16. Kf1 Qxf8 17. Rb1 Qc5 18. Qe2 e3 19. h5 gxh5 20. Rh4 Qg5 21. Re4 Bd2 22.
Bd3 h4 23. f4 Qg3 24. Qf3 Qxf3+ 25. gxf3 Be6 26. f5 Bxa2 27. Rb7 Bd5 28. Rg4+ Kf8 29. Ke2 a5 30. Rxh4 Kg7 31. c4 a4 32. cxd5 cxd5 33. Rb2 a3 34. Ra2 Bc1 35. Rd4 Ra5 36. Bc2 Kf6 37. Rd1 Bb2 38. Kxe3 d4+ 39. Ke4 Rc5 40. Bd3 Re5+ 41. Kf4 Re3 42. Be4 Re2 43. Kg3 Re3 44. Rd2 h5 45. Rdxb2 axb2 46. Rxb2 Rc3 47. Rb4 d3 48.
Rd4 Rc1 49. Rxd3 Rg1+ 50. Kf4 1-0

[Event "*** Titled Tuesday Blitz"]
[Site "Chess.com"]
[Date "2020.05.19"]
[Round "3"]
[White "aa175"]
[Black "AlexTriapishko"]
[Result "0-1"]
[WhiteElo "2438"]
[BlackElo "2730"]
[TimeControl "180+1"]
[EndTime "12:29:35 PDT"]
[Termination "AlexTriapishko won on time"]

1. d4 Nf6 2. Nf3 g6 3. Bf4 Bg7 4. e3 O-O 5. Be2 c5 6. O-O cxd4 7. exd4 d6 8. Nbd2 Nc6 9. c3 Nh5 10. Bg5 h6 11. Bh4 g5 12. Ne1 Nf4 13. Bg3 Nxe2+ 14.
Qxe2 e5 15. dxe5 dxe5 16. Nef3 Qe7 17. Nc4 f5 18. h3 f4 19. Bh2 e4 20. Nfd2 Bf5 21. Rfe1 Rae8 22. Rad1 Kh7 23. Na3 Qf7 24. Qc4 Qxc4 25. Naxc4 Rf6 26. Nb3 b6 27. Nd6 Rd8 28. Nxe4 Bxe4 29. Rxd8 Nxd8 30. Rxe4 Rd6 31. Nd4 Bxd4 32.
Rxd4 Rxd4 33. cxd4 Kg6 34. h4 Kf5 35. hxg5 hxg5 36.
f3 Nc6 37. d5 Nb4 38. a3 Nd3 39. b3 Ke5 40. g3 Kxd5 41. gxf4 gxf4 42. Kf1 Kd4 43.
Ke2 Kc3 44. b4 b5 45. Bg1 a6 46. Bh2 Kc2 47. Bg1 Nc1+ 48. Ke1 Kd3 49. Kd1 Nb3 50. Ke1 Nd2 0-1

[Event "*** Titled Tuesday Blitz"]
[Site "Chess.com"]
[Date "2020.05.19"]
[Round "3"]
[White "Korchmar_Vasiliy"]
[Black "WPWPWP-2015"]
[Result "1/2-1/2"]
[WhiteElo "2608"]
[BlackElo "2409"]
[TimeControl "180+1"]
[EndTime "12:29:36 PDT"]
[Termination "Game drawn by repetition"]

1. d4 Nf6 2. c4 c6 3. Nf3 d5 4. g3 e6 5. Bg2 Nbd7 6. O-O Bd6 7. Nc3 O-O 8. Nd2 dxc4 9. Nxc4 Bc7 10. b3 e5 11. Ba3 Re8 12. d5 cxd5 13. Nxd5 Nxd5 14.
Bxd5 Nf6 15. Bg2 e4 16. Bb2 Bg4 17. Re1 b5 18. Ne3 Bh5 19. Bxf6 Qxf6 20. Nd5 Qe5 21.
Nxc7 Qxc7 22. Qd5 Qe5 23. Bxe4 Qxd5 24. Bxd5 Rad8 25. e4 Kf8 26. Kg2 f5 27. Rac1 fxe4 28. Bxe4 Bf7 29. Rc7 Rxe4 30. Rxe4 Bd5 31. Kf3 Re8 32.
Rxa7 Bxe4+ 33. Kf4 Bd5 34. Ra5 Re4+ 35. Kf5 Rb4 36.
Ke5 Bc6 37. Kd6 Be8 38. Kc5 Re4 39. Ra8 Re2 40. a4 bxa4 41. bxa4 Rxf2 42. a5 Rc2+ 43. Kb6 Rb2+ 44. Kc7 Ke7 45. a6 Rc2+ 46. Kb6 Rb2+ 47. Kc7 Bd7 48. Rg8 Rc2+ 49. Kb6 Rb2+ 50. Kc7 Rc2+ 51. Kb6 Rb2+ 52. Kc7 1/2-1/2

[Event "*** Titled Tuesday Blitz"]
[Site "Chess.com"]
[Date "2020.05.19"]
[Round "3"]
[White "StegariuVlad"]
[Black "aaronmaster123"]
[Result "1-0"]
[WhiteElo "2571"]
[BlackElo "2256"]
[TimeControl "180+1"]
[EndTime "12:29:36 PDT"]
[Termination "StegariuVlad won by resignation"]

1. e4 c5 2. Nf3 Nc6 3. d4 cxd4 4. Nxd4 Nf6 5. Nc3 d6 6. Be2 Bd7 7. Be3 Rc8 8. Nb3 a6 9. a4 g6 10. Nd5 Bg7 11. c3 Nxd5 12. exd5 Ne5 13. Nd2 O-O 14. f4 Bh6 15. Kf2 f6 16. fxe5 fxe5+ 17. Bf3 Bxe3+ 18. Kxe3 Qb6+ 19. Ke2 Qxb2 20. Rb1 Qxc3 21. Rxb7 Bf5 22. Qb3 Qd4 23. Qe3 Qxa4 24. Rxe7 Rc2 25. Qh6 Qc4+ 26. Kf2 Qd4+ 27. Kg3 Qf4+ 28. Qxf4 exf4+ 29. Kxf4 Rxd2 30. Kg5 Rf7 31. Rhe1 Kg7 32. Rxf7+ Kxf7 33. Kh6 Rd4 34. g3 a5 35. Kxh7 a4 36. Re3 g5+ 37. Kh6 Kf6 38.
Re8 Rb4 39. Ra8 Rb7 40. Rf8+ Rf7 41. Rxf7+ Kxf7 42. Bd1 Kf6 43. Bxa4 Be4 44. Bb3 Bf3 45. Bc4 Bg4 46. Bd3 Bf3 47. Bc4 Bg4 48. Bb5 Bf3 49.
Bc6 Bg4 50. h4 gxh4 51. gxh4 Bf3 52. Kh7 Ke5 53. Kg6 Be4+ 54. Kg5 Bxd5 55. Bxd5 Kxd5 56. h5 Ke6 57. Kg6 d5 58. h6 d4 59. h7 d3 60.
h8=Q Ke7 61. Qd4 d2 1-0

[Event "*** Titled Tuesday Blitz"]
[Site "Chess.com"]
[Date "2020.05.19"]
[Round "3"]
[White "Raja3401"]
[Black "jlandaw"]
[Result "1-0"]
[WhiteElo "2721"]
[BlackElo "2478"]
[TimeControl "180+1"]
[EndTime "12:29:37 PDT"]
[Termination "Raja3401 won by resignation"]

1. e4 e5 2. Nf3 Nc6 3. Bb5 a6 4.
Ba4 Nf6 5. O-O Be7 6. d3 b5 7. Bb3 d6 8. a3 Na5 9. Ba2 c5 10. Nc3 h6 11. b4 Nb7 12. Nd5 O-O 13. h3 Be6 14. Nxf6+ Bxf6 15. Bxe6 fxe6 16. c3 d5 17. Re1 Qd6 18. Be3 Rad8 19. a4 d4 20. cxd4 exd4 21. bxc5 Nxc5 22. Bc1 Qb6 23. axb5 axb5 24. Rb1 b4 25. e5 Be7 26. Nd2 Qb5 27. Nc4 Na4 28. Qg4 Qd5 29. Bxh6 Rf7 30. Bg5 Nc3 31. Bxe7 Rxe7 32.
Rxb4 Rf8 33. Rb6 Rf5 34. Rd6 Qc5 35. Rxd4 Nd5 36. Nd6 Rf8 37. Ne4 Qa5 38. Nf6+ Rxf6 39. exf6 Qxe1+ 40. Kh2 Qe5+ 41. f4 Qxf6 42. Re4 Rf7 43.
g3 Ne7 44. Rxe6 Qf5 45. Qxf5 Nxf5 46. Re8+ Kh7 47. Re4 Nd6 48. Re3 Nf5 49. Re5 Nd6 50.
Kg2 Kg6 51. Kf3 Kf6 52. g4 Re7 53. d4 g6 54. h4 Kf7 55. h5 gxh5 56. Rxh5 Kg7 57.
Rg5+ Kf6 58. Re5 Nf7 59. g5+ 1-0

[Event "*** Titled Tuesday Blitz"]
[Site "Chess.com"]
[Date "2020.05.19"]
[Round "3"]
[White "gross-aleks"]
[Black "mamey78"]
[Result "1-0"]
[WhiteElo "2563"]
[BlackElo "2367"]
[TimeControl "180+1"]
[EndTime "12:29:38 PDT"]
[Termination "gross-aleks won by checkmate"]

1. c4 e5 2. g3 Nf6 3. Bg2 d5 4. cxd5 Nxd5 5. Nc3 Nb6 6. Nf3 Nc6 7. a3 Be7 8. b4 Be6 9. Rb1 f6 10. O-O O-O 11.
d3 a5 12. b5 Nd4 13. Nxd4 exd4 14. Na4 Bd5 15. Nxb6 cxb6 16. a4 Kh8 17. Bxd5 Qxd5 18. Qb3 Qh5 19. Qb2 Rad8 20. e4 dxe3 21. Bxe3 Rxd3 22.
Bxb6 Bb4 23. Qc2 Rd2 24. Qe4 Qf7 25. Rbd1 Rxd1 26. Rxd1 Re8 27. Qd5 Kg8 28. Kg2 Qxd5+ 29. Rxd5 Kf7 30. Rd7+ Re7 31. Rxe7+ Kxe7 32. Kf3 Ke6 33.
Ke4 f5+ 34. Kd4 g5 35. f3 g4 36. fxg4 fxg4 37. Ke4 h5 38. Be3 Kf6 39. Kd5 Kf5 40.
Bc5 Be1 41. Kd6 Ke4 42. Kc7 Kf3 43. Kxb7 Kg2 44. Kc7 Kxh2 45. Bd6 Bxg3 46. Bxg3+ Kxg3 47. b6 Kh2 48. b7 g3 49. b8=Q g2 50. Kd7+ Kh1 51. Qb7 Kh2 52. Qc7+ Kh1 53. Qc6 Kh2 54. Qc2 h4 55. Ke6 h3 56. Kf5 Kh1 57. Qe4 h2 58. Kg4 Kg1 59. Qe1# 1-0

[Event "*** Titled Tuesday Blitz"]
[Site "Chess.com"]
[Date "2020.05.19"]
[Round "3"]
[White "chesslh19"]
[Black "Kislov_Oleg"]
[Result "0-1"]
[WhiteElo "2183"]
[BlackElo "2349"]
[TimeControl "180+1"]
[EndTime "12:29:38 PDT"]
[Termination "Kislov_Oleg won by resignation"]

1. e4 e6 2. d4 d5 3. Nd2 Nf6 4. e5 Nfd7 5. Bd3 c5 6. c3 Nc6 7. Ne2 cxd4 8. cxd4 f6 9. exf6 Nxf6 10. O-O Bd6 11.
Nf3 O-O 12. Bf4 Bxf4 13. Nxf4 Qd6 14. Ne2 e5 15. dxe5 Nxe5 16. Nxe5 Qxe5 17. Qd2 Ng4 18. Ng3 Bd7 19. Rae1 Qf6 20. h3 Ne5 21. b3 Bc6 22. f4 Nxd3 23. Qxd3 Rad8 24. Re5 a6 25. Qd4 Rde8 26. Rfe1 Rxe5 27. fxe5 Qf4 28. Qxf4 Rxf4 29. Rf1 Rxf1+ 30. Kxf1 Kf7 31. Nf5 Ke6 32. Nxg7+ Kxe5 33. Ke2 d4 34. g4 Be4 35. Nh5 a5 36. Ng3 Bb1 37. a3 b5 38. Kd2 b4 39. axb4 axb4 40.
Ne2 Bg6 41. h4 Bf7 42. Ng1 Bxb3 43. Kd3 Bd5 44. Ne2 Be4+ 45. Kd2 b3 46. Kc1 Kd5 47.
Kb2 Bc2 48. Nc1 Kc4 49. g5 d3 50. Nxb3 Bxb3 51. h5 d2 52. g6 d1=Q 53. gxh7 Qc2+ 0-1

[Event "*** Titled Tuesday Blitz"]
[Site "Chess.com"]
[Date "2020.05.19"]
[Round "3"]
[White "spectralsoul"]
[Black "SerGo055"]
[Result "1/2-1/2"]
[WhiteElo "2855"]
[BlackElo "2573"]
[TimeControl "180+1"]
[EndTime "12:29:39 PDT"]
[Termination "Game drawn - insufficient material"]

1. Nf3 Nf6 2. g3 d5 3. Bg2 Bf5 4. O-O e6 5. c4 c6 6. cxd5 exd5 7. d3 Be7 8. Qb3 Qb6 9. Qc2 O-O 10. Nc3 Nbd7 11.
e4 dxe4 12. dxe4 Bg6 13. Be3 Bc5 14. Na4 Bxe4 15. Nxb6 Bxc2 16. Bxc5 axb6 17. Bxf8 Kxf8 18. a3 Be4 19. Nd4 Bxg2 20. Kxg2 Nc5 21. Rad1 g6 22. Rfe1 h5 23. Nf3 Nd5 24. Re2 Ne6 25. Nd4 Nxd4 26.
Rxd4 b5 27. h4 Rd8 28. Rde4 Rd7 29. Re8+ Kg7 30. f3 b4 31. axb4 Nxb4 32. R8e7 Rxe7 33. Rxe7 b5 34. Rc7 Kf6 35. g4 hxg4 36. fxg4 Kg7 37. Kg3 Nd3 38. Rxc6 Nxb2 39. Rb6 Nc4 40. Rxb5 Nd6 41.
Rb6 Nc4 42. Ra6 Ne5 43. Kf4 Nd3+ 44. Kg5 Nc5 45. Rc6 Ne6+ 46. Rxe6 fxe6 47. Kf4 Kf6 48. Ke4 Ke7 49. Ke5 Kf7 50. Kd4 Kf6 51. Ke4 Ke7 52.
Ke5 Kf7 53. h5 gxh5 54. gxh5 Kg7 55. Kxe6 Kh6 56. Kf5 Kxh5 1/2-1/2

[Event "*** Titled Tuesday Blitz"]
[Site "Chess.com"]
[Date "2020.05.19"]
[Round "3"]
[White "Filip_Covic"]
[Black "PavelShkapenko"]
[Result "0-1"]
[WhiteElo "2419"]
[BlackElo "2676"]
[TimeControl "180+1"]
[EndTime "12:29:39 PDT"]
[Termination "PavelShkapenko won by checkmate"]

1. d4 Nf6 2. c4 e6 3. Nf3 Bb4+ 4. Bd2 Qe7 5. g3 Nc6 6. Nc3 Bxc3 7. Bxc3 Ne4 8. Qd3 Nxc3 9. Qxc3 Qb4 10. Rc1 d6 11. Bg2 Qxc3+ 12. Rxc3 e5 13. dxe5 dxe5 14. O-O Bf5 15.
Rd1 Rd8 16. Rxd8+ Kxd8 17. Nh4 Bd7 18. Rd3 Ke7 19. a3 g6 20. e3 g5 21. Bxc6 bxc6 22. Ng2 Rb8 23. b4 a5 24. Ne1 axb4 25. Rb3 c5 26.
Nd3 Ra8 27. axb4 Bh3 28. f3 cxb4 29. Rxb4 Ra2 30. Rb2 Ra3 31. Nxe5 Rxe3 32. Nc6+ Kd6 33. Kf2 Rc3 34. Na5 Bf5 35. Nb7+ Kc6 36. Na5+ Kc5 37. Rb5+ Kd4 38. Rxf5 Rc2+ 39. Kg1 Ke3 40. Nb3 Rc3 41. Nc5 Rxc4 42. Ne4 h6 43. Rxf7 Rc2 44. h4 g4 45.
Rf6 gxf3 46. Rf7 Kxe4 47. Re7+ Kf5 48. Rf7+ Kg4 49. Rg7+ Kh3 50. Rg6 Rg2+ 51. Kf1 c5 52.
Rxh6 c4 53. Rc6 Rc2 54. Rf6 Kxg3 55. h5 Rc1# 0-1

[Event "*** Titled Tuesday Blitz"]
[Site "Chess.com"]
[Date "2020.05.19"]
[Round "3"]
[White "hedgehog280"]
[Black "Alexander_Moskalenko"]
[Result "0-1"]
[WhiteElo "2585"]
[BlackElo "2826"]
[TimeControl "180+1"]
[EndTime "12:29:40 PDT"]
[Termination "Alexander_Moskalenko won by resignation"]

1. c4 e6 2. Nc3 d5 3. cxd5 exd5 4. d4 c6 5. g3 Bd6 6. Bg2 Nf6 7. Bf4 Bxf4 8. gxf4 a5 9. Nf3 O-O 10. Ne5 Ne8 11.
e3 Nd6 12. Ne2 f6 13. Nd3 Bg4 14. Qd2 Nc4 15. Qc2 Bxe2 16. Qxe2 Nd7 17. b3 Nd6 18. Bh3 Qe7 19. O-O Rfe8 20. Qf3 Nf8 21. f5 Ne4 22.
Rad1 Ng5 23. Qg3 Nxh3+ 24. Qxh3 Qe4 25. Nf4 Re7 26. Rde1 Rae8 27. f3 Qc2 28. Rf2 Qc3 29. Ref1 Qxe3 30. Nh5 Qxd4 31. Kh1 Kh8 32. Rg2 Re1 33.
Rfg1 Rxg1+ 34. Rxg1 Re7 35. Qg2 g6 36. Ng3 Qf4 37. Nf1 Qxf5 38. Ng3 Qf4 39. Ne2 Qe3 40. Ng3 Ne6 41. Rf1 Nf4 42. Qc2 Qd3 43. Qc1 g5 44. Qa1 Re5 45. Qc1 h5 46. Qa3 Kg7 47. Qd6 h4 48.
Qc7+ Kg6 49. Qc8 hxg3 50. Qg8+ Kh6 51. Qh8+ Qh7 52. Qxf6+ Ng6 53. hxg3 Re7 54. Kg2 Re2+ 55. Kg1 Qe7 56. Qf5 Qe3+ 57. Kh1 Re1 58. Rxe1 Qxe1+ 59. Kg2 Qe2+ 60. Kh3 Qf1+ 61. Kh2 Qf2+ 62. Kh3 Qe3 63. Kg2 Qe2+ 64. Kh3 Qe5 65. Qf7 d4 66. Qd7 Qd5 67. Qe8 d3 68. f4 gxf4 69. gxf4 d2 70. f5 Qxf5+ 71. Kg3 Qf4+ 72. Kg2 0-1

[Event "*** Titled Tuesday Blitz"]
[Site "Chess.com"]
[Date "2020.05.19"]
[Round "3"]
[White "Shubinkirill2003"]
[Black "FrogMist"]
[Result "0-1"]
[WhiteElo "2565"]
[BlackElo "2401"]
[TimeControl "180+1"]
[EndTime "12:29:40 PDT"]
[Termination "FrogMist won by resignation"]

1. e4 e5 2. Nf3 Nc6 3. Bb5 a6 4. Ba4 Nge7 5. c3 g6 6. d4 exd4 7. cxd4 Bg7 8. Nc3 b5 9. Bb3 d6 10. O-O O-O 11. h3 Na5 12. Be3 Nxb3 13. axb3 Bb7 14. b4 f5 15. Qb3+ d5 16. Bg5 fxe4 17.
Nxe4 h6 18. Bxe7 Qxe7 19. Nc5 c6 20. Rfe1 Qf7 21. Re3 Rae8 22. Rae1 Rxe3 23. Qxe3 Bc8 24. Ne5 Bxe5 25. dxe5 Qf4 26. e6 Qxe3 27. Rxe3 Re8 28.
Kf1 Kg7 29. f4 Kf6 30. Ra3 h5 31. Kf2 h4 32. Kf3 Kf5 33. Ra1 Bxe6 34. Rxa6 d4 35. Ra7 Bd5+ 36. Kf2 Kxf4 37. Rg7 Kg5 38. Rc7 Bc4 39.
Rd7 Re2+ 40. Kf3 Rxb2 41. Rxd4 Bd5+ 42. Ke3 Rxg2 43. Nd7 Rg3+ 44. Kf2 Rxh3 45. Ne5 Rb3 46. Nd3 h3 47. Kg1 Bc4 48. Nf2 Kh5 49. Kh2 Rxb4 50. Nxh3 Rb2+ 51. Kg1 g5 52. Nf2 Bd5 53. Ng4 Rg2+ 0-1

[Event "*** Titled Tuesday Blitz"]
[Site "Chess.com"]
[Date "2020.05.19"]
[Round "3"]
[White "PredragNikac"]
[Black "binbin239"]
[Result "0-1"]
[WhiteElo "2272"]
[BlackElo "2509"]
[TimeControl "180+1"]
[EndTime "12:29:40 PDT"]
[Termination "binbin239 won by resignation"]

1. d4 Nf6 2. Bg5 Ne4 3. h4 c5 4. d5 d6 5. Nd2 Nxg5 6. hxg5 Nd7 7. e4 g6 8. c3 Bg7 9. a4 Ne5 10. f4 Bg4 11. Bb5+ Kf8 12. Ngf3 Nxf3+ 13. gxf3 Bd7 14. Qb3 Rb8 15. Kf2 a6 16. Bxd7 Qxd7 17. a5 h6 18.
Nc4 hxg5 19. fxg5 e6 20. Nb6 Qe7 21. Rxh8+ Bxh8 22. dxe6 fxe6 23. Rh1 Be5 24. f4 Bg7 25. Ke3 d5 26. e5 Kf7 27. Kd2 Rh8 28. Nxd5 Qd7 29.
Rxh8 Bxh8 30. c4 Bg7 31. Qh3 Qa4 32. Qc3 exd5 33. e6+ Kg8 34. Qc2 Qb4+ 35. Ke2 Qxc4+ 36. Qxc4 dxc4 37. e7 Kf7 38. Ke3 Bxb2 39. Ke4 Kxe7 40.
Kd5 c3 41. Kxc5 c2 42. Kb6 c1=Q 43. f5 gxf5 44. g6 Qc6+ 45. Ka7 Bd4+ 46. Kb8 Be5+ 47. Ka7 Qc5+ 48. Ka8 Qxa5 49. g7 Qd8+ 50. Ka7 a5 51.
Kxb7 a4 52. g8=Q Qxg8 53. Kc6 a3 0-1

[Event "*** Titled Tuesday Blitz"]
[Site "Chess.com"]
[Date "2020.05.19"]
[Round "3"]
[White "pedro_nascimento85"]
[Black "Chuchofrio1"]
[Result "0-1"]
[WhiteElo "1729"]
[BlackElo "2261"]
[TimeControl "180+1"]
[EndTime "12:29:40 PDT"]
[Termination "Chuchofrio1 won on time"]

1. d4 d5 2. c4 e6 3. Nc3 Nf6 4. cxd5 exd5 5. Bg5 Nbd7 6. e3 c6 7. Bd3 Be7 8. Nge2 O-O 9. Qc2 Re8 10. O-O Nf8 11. f3 Be6 12. Kh1 Rc8 13. e4 dxe4 14. fxe4 Ng4 15. Bxe7 Qxe7 16. Qd2 Qh4 17. Qf4 Ng6 18.
Qg3 Qh6 19. Nf4 Nxf4 20. Qxf4 Qxf4 21. Rxf4 c5 22. d5 Bd7 23. h3 Ne5 24. Bc2 a6 25. a4 Re7 26. Raf1 f6 27. Ne2 Be8 28. Ng3 Ng6 29. Nf5 Rd7 30. R4f2 Bf7 31. h4 Ne5 32.
Ne3 Bg6 33. g4 b5 34. h5 Bf7 35. axb5 axb5 36. Rg1 h6 37. Nf5 b4 38. b3 Ra7 39.
Kh2 Re8 40. Rgg2 Rd7 41. Rg3 c4 42. bxc4 Nxc4 43. Bb3 Ne5 44. Rd2 Rc8 45. Kh3 Rc3 46.
Ba2 Nf3 47. Rf2 Ng5+ 48. Kh4 Rxg3 49. Nxg3 Ra7 50. Rb2 Nf3+ 51. Kh3 Ne5 52. Bb3 Nd3 53. Rb1 Nf4+ 54. Kh2 Ra3 55. Bc2 Rc3 56. Bd1 Nd3 57. Rb3 Be8 58. Rxc3 bxc3 59. Bc2 Bb5 60. Bxd3 Bxd3 0-1

[Event "*** Titled Tuesday Blitz"]
[Site "Chess.com"]
[Date "2020.05.19"]
[Round "3"]
[White "vinniethepooh"]
[Black "Pedrada88"]
[Result "1-0"]
[WhiteElo "2555"]
[BlackElo "2349"]
[TimeControl "180+1"]
[EndTime "12:29:41 PDT"]
[Termination "vinniethepooh won on time"]

1. d4 Nf6 2. c4 b6 3. Nc3 Bb7 4. Qc2 d5 5. cxd5 Nxd5 6. Nf3 g6 7. e4 Nxc3 8. bxc3 Bg7 9. Bb5+ c6 10. Ba4 O-O 11.
O-O c5 12. Be3 Qc7 13. Rad1 a6 14. dxc5 bxc5 15. Rfe1 Nc6 16. Bxc5 Ne5 17. Nxe5 Bxe5 18. Bd4 Bxh2+ 19. Kh1 Be5 20. Bxe5 Qxe5 21. Rd7 Bc8 22. Rd5 Qf4 23. Bb3 Bb7 24. Rd4 Rad8 25. Qe2 Rc8 26. Rd3 Rfd8 27. Rf3 Qh4+ 28. Kg1 e6 29. g3 Qe7 30.
Qe3 Rc5 31. Kg2 Rdc8 32. Qf4 Rxc3 33. Rxc3 Rxc3 34. Qb8+ Rc8 35. Qe5 Rd8 36. Re3 Qd6 37.
Qc3 Qd4 38. Qc7 Bxe4+ 39. Kh2 Bf5 40. Qb7 Qd2 41. Rf3 h5 42. Rf4 Qd6 43. Qa7 Qd7 44.
Qe3 Qe7 45. Qe5 Qd6 46. Qb2 e5 47. Rf3 Qd4 48. Qe2 Be4 49. Rxf7 Kh8 50. Rf6 Qd2 51.
Qxd2 1-0

[Event "*** Titled Tuesday Blitz"]
[Site "Chess.com"]
[Date "2020.05.19"]
[Round "3"]
[White "atwalcb"]
[Black "ElGasanov"]
[Result "0-1"]
[WhiteElo "2331"]
[BlackElo "2741"]
[TimeControl "180+1"]
[EndTime "12:29:43 PDT"]
[Termination "ElGasanov won by resignation"]

1. d4 d6 2. e4 Nf6 3. Nc3 Nbd7 4.
Nf3 e5 5. Bc4 Be7 6. O-O O-O 7. a4 c6 8. h3 a5 9. b3 Nb6 10. Be2 exd4 11. Nxd4 d5 12. e5 Ne8 13. f4 f6 14. Bb2 Nc7 15. Kh1 fxe5 16. fxe5 Ne6 17.
Nxe6 Bxe6 18. Bd3 Rxf1+ 19. Qxf1 Nd7 20. Qe2 Nc5 21. Rf1 Qd7 22. Nd1 Nxd3 23. Qxd3 Rf8 24.
Ne3 Rxf1+ 25. Qxf1 Bc5 26. Qd3 Bxh3 27. Kh2 Be6 28. Bd4 Qe7 29. g3 h6 30. Qc3 Bb4 31. Qd3 Qg5 32. Ng2 Bf5 33. Qe2 Be4 34. Nf4 Be7 35.
Bc3 Qf5 36. Qh5 Qxh5+ 37. Nxh5 Bxc2 38. Bxa5 Bxb3 39. Nf4 Bxa4 40. Kg2 Bc2 41. Bb6 Be4+ 42. Kf2 Kf7 43. Ne2 c5 44. Ke3 Bh1 45. Nf4 g5 46. Nd3 d4+ 47. Kd2 c4 48. Nf2 Bb4+ 49. Kc1 Ba3+ 50. Kd2 c3+ 51. Kd1 Bf3+ 52. Kc2 Bb4 53. Bxd4 Ke6 54. Nd3 Be4 55. Be3 Kd5 56. g4 Kc4 0-1

[Event "*** Titled Tuesday Blitz"]
[Site "Chess.com"]
[Date "2020.05.19"]
[Round "3"]
[White "Kapibara_Warri0r"]
[Black "Mashenka97"]
[Result "1-0"]
[WhiteElo "2090"]
[BlackElo "2341"]
[TimeControl "180+1"]
[EndTime "12:29:43 PDT"]
[Termination "Kapibara_Warri0r won on time"]

1. e4 c5 2. Nf3 d6 3. d4 cxd4 4. Nxd4 Nf6 5. Nc3 a6 6. Bg5 Nbd7 7. f4 h6 8. Bxf6 Nxf6 9. Qf3 e5 10. Nf5 g6 11.
Ne3 Bg7 12. f5 O-O 13. Ncd5 Nxd5 14. Nxd5 Qa5+ 15. c3 gxf5 16. exf5 e4 17. Qd1 Bxf5 18. Be2 Be6 19. Ne3 Rad8 20. Nc4 Qc5 21. Nd2 b5 22.
Nxe4 Qe3 23. Ng3 Bc4 24. Qd2 Qxd2+ 25. Kxd2 Be5 26. Bxc4 bxc4 27. Ne4 d5 28. Nc5 Rd6 29. Nb7 Rd7 30. Nc5 Rd6 31. a4 Rc6 32. Nd7 Re8 33.
Rhe1 f6 34. Nxe5 fxe5 35. Re3 Kf7 36. Rg3 Rg6 37. Rf1+ Kg7 38. Rxg6+ Kxg6 39. Re1 d4 40. cxd4 Rd8 41. Rxe5 Rxd4+ 42. Kc3 Rg4 43. Re6+ Kf5 44. Rxa6 Rxg2 45. Kxc4 Rxh2 46. Ra5+ Kf4 47. Rd5 Rh4 48. Rd4+ Kg3 49. Rxh4 Kxh4 50. a5 h5 51. a6 Kg4 52.
a7 h4 53. a8=Q h3 54. Qh1 h2 55. b4 1-0

[Event "*** Titled Tuesday Blitz"]
[Site "Chess.com"]
[Date "2020.05.19"]
[Round "3"]
[White "IMRosen"]
[Black "BocharovD"]
[Result "0-1"]
[WhiteElo "2596"]
[BlackElo "2841"]
[TimeControl "180+1"]
[EndTime "12:29:44 PDT"]
[Termination "BocharovD won on time"]

1. d4 Nf6 2. Bf4 c5 3. e3 d5 4. Nf3 Nc6 5. Nbd2 Qb6 6. dxc5 Qxb2 7. Rb1 Qc3 8. Bb5 e6 9. O-O Be7 10. e4 O-O 11. e5 Nd7 12. Nb3 Qb4 13. Nbd4 Qxc5 14.
Bd3 Nxd4 15. Nxd4 g6 16. Nf3 f6 17. exf6 Bxf6 18. Re1 e5 19. Rb5 Qd6 20. Bh6 Rd8 21. c4 Nc5 22. cxd5 Nxd3 23. Qxd3 Bf5 24. Qb3 b6 25. Rb4 Qxd5 26. Qxd5+ Rxd5 27. g4 Bd3 28. Bg5 Kg7 29. h4 Rc8 30. Bxf6+ Kxf6 31. Ng5 h6 32. Ne4+ Bxe4 33. Rbxe4 g5 34. hxg5+ hxg5 35. R1e2 Rcc5 36. Kg2 Rd4 37. Kg3 Rc3+ 38. f3 Rdd3 39. Rf2 Re3 40. Ra4 Ra3 41. Rxa3 Rxa3 42. Rc2 e4 43. Rc6+ Ke7 44.
Rg6 Rxf3+ 45. Kg2 Ra3 46. Rxg5 Rxa2+ 47. Kf1 e3 48. Re5+ Kf6 49. Rxe3 Kg5 50. Ke1 Kxg4 51.
Kd1 Kf4 52. Re6 Ra5 53. Kc2 Kf5 54. Re7 Kf6 55. Re8 Re5 56. Rd8 Ke7 57. Ra8 Ra5 58.
Rc8 Kd7 59. Kb3 Kxc8 0-1

[Event "*** Titled Tuesday Blitz"]
[Site "Chess.com"]
[Date "2020.05.19"]
[Round "3"]
[White "CMS13"]
[Black "crazy_but_lazy"]
[Result "1/2-1/2"]
[WhiteElo "2188"]
[BlackElo "2341"]
[TimeControl "180+1"]
[EndTime "12:29:45 PDT"]
[Termination "Game drawn by repetition"]

1. e4 c5 2. Nc3 Nc6 3. Bb5 Nd4 4. Nf3 Nxb5 5. Nxb5 d5 6. exd5 a6 7. Nc3 b5 8. d4 c4 9. a3 Nf6 10. O-O Nxd5 11.
Ne4 e6 12. Ne5 Bb7 13. a4 Be7 14. axb5 axb5 15. Rxa8 Qxa8 16. f3 O-O 17. Qe1 Rd8 18. c3 b4 19. Nxc4 Ba6 20. b3 Rc8 21. cxb4 Bxc4 22. bxc4 Rxc4 23. Bb2 Rxb4 24. Qf2 Qb8 25. Ba3 Rb3 26. Bxe7 Nxe7 27. Nc5 Rb2 28. Qe3 Nf5 29.
Qe4 Rd2 30. Nxe6 fxe6 31. Qxe6+ Kh8 32. Qxf5 Rxd4 33. h3 h6 34. Qc2 Qd6 35. Qf2 Rd2 36.
Qe3 Ra2 37. Qe8+ Kh7 38. Qe4+ Qg6 39. Qxg6+ Kxg6 40. Kh2 Ra4 41. Kg3 Kf6 42. f4 g6 43.
Re1 h5 44. Re3 Ra5 45. Kf3 Ra4 46. g4 hxg4+ 47. hxg4 Ra5 48. g5+ Kf7 49. Kg4 Ra1 50.
Re4 Ra7 51. f5 gxf5+ 52. Kxf5 Ra5+ 53. Kg4 Ra6 54. Rf4+ Kg7 55. Kh5 Rb6 56. Rd4 Ra6 57. Rd7+ Kg8 58. g6 Ra1 59. Rd8+ Kg7 60. Rd7+ Kg8 61.
Rd4 Rh1+ 62. Kg5 Rg1+ 63. Kf6 Rf1+ 64. Kg5 Rg1+ 65. Kh6 Rh1+ 66. Kg5 Rg1+ 1/2-1/2